 Dungeon Crawl Stone Soup version 0.22-a0-271-gc000056 (webtiles) character file.

590 tidbits the Insei (level 7, 46/52 HPs)
             Began as a Gnoll Transmuter on Mar 11, 2018.
             Quit the game on level 3 of the Dungeon.
             The game lasted 00:12:36 (1260 turns).

tidbits the Insei (Gnoll Transmuter)                Turns: 1260, Time: 00:12:37

Health: 46/52      AC:  2    Str: 12    XL:     7   Next: 38%
Magic:  8/15       EV: 24    Int: 17    God:
Gold:   47         SH:  0    Dex: 21    Spells: 10/17 levels left

rFire    . . .     SeeInvis .     - Unarmed
rCold    . . .     Gourm    .   (shield currently unavailable)
rNeg     . . .     Faith    .   (armour currently unavailable)
rPois    x         Spirit   .   (helmet currently unavailable)
rElec    .         Reflect  .   (cloak currently unavailable)
rCorr    .         Harm     .   (gloves currently unavailable)
MR       +....     Rnd*Rage +   (boots currently unavailable)
Stlth    +++.......             (no amulet)
HPRegen  0.17/turn              r - ring of stealth
MPRegen  0.14/turn              (no ring)

@: spider-form (expiring)
A: tiny, distributed training, berserk 1, magic resistance 1, strong nose
a: End Transformation


You were on level 3 of the Dungeon.
You were not hungry.
You were a venomous arachnid creature.
You visited 2 branches of the dungeon, and saw 6 of its levels.

You collected 157 gold pieces.
You spent 110 gold pieces at shops.

Inventory:

Hand Weapons
 b - a +0 war axe
 e - a +2 vampiric dagger
   (You took it off a goblin on level 1 of the Dungeon)
 f - a +0 dagger (melded)
 i - a +0 hunting sling
Missiles
 a - 12 arrows
 c - 5 tomahawks (quivered)
 h - a throwing net {!f}
 j - 20 stones
Armour
 k - a cursed +0 ring mail
 p - a scarf of resistance
   (You found it on level 3 of the Dungeon)
 B - a +0 robe (melded)
 C - a +2 cloak (melded)
 E - a +2 helmet (melded)
Jewellery
 r - a ring of stealth (left front leg)
   (You found it on level 5 of the Dungeon)
Scrolls
 g - a scroll of fear
 l - a scroll of fog
 n - a scroll of amnesia
 o - 3 scrolls of teleportation
Potions
 s - a potion of brilliance
Comestibles
 d - 4 rations


   Skills:
 + Level 3.5 Fighting
 + Level 2.4 Short Blades
 + Level 2.4 Long Blades
 + Level 2.4 Axes
 + Level 2.4 Maces & Flails
 + Level 2.4 Polearms
 + Level 2.4 Staves
 + Level 2.4 Slings
 + Level 2.4 Bows
 + Level 2.4 Crossbows
 + Level 2.4 Throwing
 + Level 2.4 Armour
 + Level 5.2 Dodging
 + Level 2.4 Stealth
 + Level 2.4 Shields
 + Level 7.0 Unarmed Combat
 + Level 5.6 Spellcasting
 + Level 2.0 Conjurations
 + Level 2.0 Hexes
 + Level 2.0 Charms
 + Level 2.0 Summonings
 + Level 2.0 Necromancy
 + Level 2.0 Translocations
 + Level 4.3 Transmutations
 + Level 2.0 Fire Magic
 + Level 2.0 Ice Magic
 + Level 2.0 Air Magic
 + Level 2.0 Earth Magic
 + Level 2.0 Poison Magic
 + Level 2.6 Invocations
 + Level 2.4 Evocations


You had 10 spell levels left.
You knew the following spells:

 Your Spells              Type           Power        Failure   Level  Hunger
e - Beastly Appendage     Tmut           ###...       9%          1    None
k - Sticks to Snakes      Tmut           ###.....     12%         2    #......
p - Spider Form           Tmut/Pois      ###.......   26%         3    ##.....
A - Apportation           Tloc           ##....       17%         1    None


Dungeon Overview and Level Annotations

Branches:
Dungeon (5/15)             Temple (1/1) D:4

Altars:
Ashenzari
Dithmenos
Elyvilon
Fedhas
Gozag
Makhleb
Nemelex Xobeh
Okawaru
Qazlal
Sif Muna
Trog
Uskayaw
Vehumet
Wu Jian
Xom
Yredelemnul
Zin
The Shining One

Shops:
D:4 ?   D:5 %[(?


Innate Abilities, Weirdness & Mutations

Your experience applies equally to all skills.
((You have very sharp teeth.))
Your uncanny sense of smell can sniff out nearby items.
You tend to lose your temper in combat.
You are resistant to hostile enchantments. (MR+)


Message History

You finish putting on your scarf of resistance.
You feel resistant to extremes of temperature.
Wear which item? (? for menu, Esc to quit)
You start removing your armour.
You continue taking off your scarf of resistance. x4
You finish taking off your scarf of resistance.
You feel hot and cold all over.
You start putting on your armour.
You continue putting on your +2 cloak. x5
You finish putting on your +2 cloak.
Adjust (i)tems, (s)pells, or (a)bilities?
Adjust which item? (? for menu, Esc to quit)
m - a +2 cloak (worn)
Adjust to which letter? (? for menu, Esc to quit)
C - a +2 cloak (worn)
Found a robe.
Found a dagger.
You see here a robe.
Found 17 bolts.
You see here a dagger.
Blink to where?
Press: ? - help, Dir - move target cursor You are very lightly contaminated with residual magic.
As you read the scroll labeled MECVIGG VYLY, it crumbles to dust.
It was a scroll of blinking.
As you read the scroll of teleportation, it crumbles to dust.
You feel strangely unstable.
Unknown command.
Your surroundings suddenly seem different.
A hound zombie comes into view.
Casting: Spider Form (safe; 12% risk of failure)
Confirm with . or Enter, or press ? or * to list all spells.
You create a snake!
You now have 13 arrows.
Casting: Sticks to Snakes (safe; 3% risk of failure)
Confirm with . or Enter, or press ? or * to list all spells.
You turn into a venomous arachnid creature.
Your +0 dagger melds into your body.
Your +2 cloak melds into your body.
Your +2 helmet melds into your body.
Your +0 robe melds into your body.
You hit the hound zombie.
The hound zombie is lightly damaged.
The hound zombie completely misses you.
Your ball python barely misses the hound zombie.
Your ball python grabs the hound zombie.
Your ball python constricts the hound zombie.
You hit the hound zombie.
The hound zombie is lightly damaged.
The hound zombie completely misses you.
Your ball python bites the hound zombie.
Your ball python constricts the hound zombie.
You bite the hound zombie!
The hound zombie is severely damaged.
Your transformation is almost over.
The hound zombie closely misses you.
Your ball python bites the hound zombie.
Your ball python constricts the hound zombie.
You hit the hound zombie.
The hound zombie is almost destroyed.
The hound zombie barely misses you.
Your ball python barely misses the hound zombie.
Your ball python constricts the hound zombie.
The hound zombie completely misses you.
Your ball python bites the hound zombie.
The hound zombie is destroyed!
Your transformation has ended.
Your +0 dagger unmelds from your body.
Your +2 cloak unmelds from your body.
Your +2 helmet unmelds from your body.
Your +0 robe unmelds from your body.
You swap places.
Your magical contamination has completely faded away.
Unknown command.
A scorpion comes into view.
Your ball python withers and dies!
Casting: Spider Form (safe; 11% risk of failure)
Confirm with . or Enter, or press ? or * to list all spells.
You turn into a venomous arachnid creature.
Your +0 dagger melds into your body.
Your +2 cloak melds into your body.
Your +2 helmet melds into your body.
Your +0 robe melds into your body.
Casting: Spider Form (safe; 26% risk of failure)
Confirm with . or Enter, or press ? or * to list all spells.
You create a snake!
You now have 12 arrows.
You hit the scorpion.
The scorpion is poisoned.
The scorpion is moderately wounded.
The scorpion closely misses you.
You bite the scorpion!
The scorpion is almost dead.
The scorpion barely misses you.
You barely miss the scorpion.
The scorpion is almost dead.
You kill the scorpion!
Your Conjurations skill increases to level 2!
Your Hexes skill increases to level 2!
Your Charms skill increases to level 2!
Your Summonings skill increases to level 2!
Your Necromancy skill increases to level 2!
Your Translocations skill increases to level 2!
Your Fire Magic skill increases to level 2!
Your Ice Magic skill increases to level 2!
Your Air Magic skill increases to level 2!
Your Earth Magic skill increases to level 2!
Your Poison Magic skill increases to level 2!
Found a glowing silver altar of Zin.
Your transformation is almost over.
Are you sure you want to abandon this character and quit the game? (Confirm with "yes".)

#......#.....# #........#
#......#####.# #........#
#......# #.# #........#
#......# #### #........#
#......####.♣♣♣♣###........#
#......##.♣♣._.♣..#..#######
#......#............#
#...................#
#######.....Ss.....#
#...........## ##........###
##########


You could see a friendly adder.

Vanquished Creatures
  An ogre (D:5)
  2 scorpions
  A howler monkey (D:4)
  A crimson imp (D:5)
  6 orc wizards
  A worker ant (D:5)
  Robin (D:2)
  An adder (D:4)
  An ooze (D:3)
  2 worms
  2 leopard geckos
  3 orcs
  A ball python (D:3)
  2 giant cockroaches
  12 goblins
  2 hobgoblins
  5 jackals (D:3)
  A quokka (D:5)
  A bat (D:2)
  2 frilled lizards
  3 kobolds
  A quokka skeleton (D:4)
  2 rats
54 creatures vanquished.

Vanquished Creatures (collateral kills)
  A bullfrog skeleton (D:4)
  An iguana (D:5)
  A hound zombie (D:3)
  2 adders (D:3)
  A worm (D:4)
  An orc (D:4)
  A bat (D:3)
  A goblin (D:3)
  A frilled lizard (D:4)
10 creatures vanquished.

Grand Total: 64 creatures vanquished

Notes
Turn   | Place    | Note
-------+----------+-------------------------------------------
     0 | D:1      | tidbits the Gnoll Transmuter began the quest for the Orb.
     0 | D:1      | Reached XP level 1. HP: 17/17 MP: 6/6
   101 | D:1      | Reached XP level 2. HP: 23/23 MP: 5/7
   105 | D:1      | Learned a level 2 spell: Sticks to Snakes
   175 | D:2      | Noticed Robin
   346 | D:3      | Reached skill level 5 in Spellcasting
   346 | D:3      | Reached XP level 3. HP: 20/28 MP: 5/9
   351 | D:3      | Learned a level 3 spell: Spider Form
   385 | D:2      | Killed Robin
   385 | D:2      | Reached skill level 1 in Invocations
   398 | D:2      | Reached skill level 1 in Short Blades
   398 | D:2      | Reached skill level 1 in Long Blades
   398 | D:2      | Reached skill level 1 in Axes
   398 | D:2      | Reached skill level 1 in Maces & Flails
   398 | D:2      | Reached skill level 1 in Polearms
   398 | D:2      | Reached skill level 1 in Staves
   398 | D:2      | Reached skill level 1 in Slings
   398 | D:2      | Reached skill level 1 in Bows
   398 | D:2      | Reached skill level 1 in Crossbows
   398 | D:2      | Reached skill level 1 in Throwing
   398 | D:2      | Reached skill level 1 in Armour
   398 | D:2      | Reached skill level 1 in Stealth
   398 | D:2      | Reached skill level 1 in Shields
   398 | D:2      | Reached skill level 1 in Evocations
   450 | D:3      | Reached XP level 4. HP: 25/34 MP: 2/11
   469 | D:4      | Reached skill level 1 in Conjurations
   469 | D:4      | Reached skill level 1 in Hexes
   469 | D:4      | Reached skill level 1 in Charms
   469 | D:4      | Reached skill level 1 in Summonings
   469 | D:4      | Reached skill level 1 in Necromancy
   469 | D:4      | Reached skill level 1 in Translocations
   469 | D:4      | Reached skill level 1 in Fire Magic
   469 | D:4      | Reached skill level 1 in Ice Magic
   469 | D:4      | Reached skill level 1 in Air Magic
   469 | D:4      | Reached skill level 1 in Earth Magic
   469 | D:4      | Reached skill level 1 in Poison Magic
   469 | D:4      | Reached XP level 5. HP: 32/40 MP: 1/12
   544 | D:4      | Found Xuyqixes's Magic Scroll Shop.
   549 | D:4      | Bought a scroll of teleportation for 39 gold pieces
   549 | D:4      | Bought a scroll of identify for 26 gold pieces
   580 | D:4      | Found a staircase to the Ecumenical Temple.
   591 | Temple   | Entered the Ecumenical Temple
   701 | D:4      | Noticed a phantom
   725 | D:4      | Reached skill level 3 in Fighting
   733 | D:4      | Reached skill level 4 in Transmutations
   763 | D:4      | Reached skill level 2 in Invocations
   763 | D:4      | Reached XP level 6. HP: 15/47 MP: 1/13
   789 | D:4      | Found an ornate altar of the Wu Jian Council.
   789 | D:4      | Found an iron altar of Okawaru.
   815 | D:5      | Entered Level 5 of the Dungeon
   815 | D:5      | Found a shimmering altar of Xom.
   841 | D:5      | Found Doucrud's Magic Scroll Boutique.
   844 | D:5      | Bought a scroll of teleportation for 45 gold pieces
   868 | D:5      | Reached skill level 5 in Dodging
   872 | D:5      | Found Gawn's Armour Shoppe.
   899 | D:5      | Found Heuckeic's Antique Weapon Emporium.
   911 | D:5      | Reached skill level 2 in Short Blades
   911 | D:5      | Reached skill level 2 in Long Blades
   911 | D:5      | Reached skill level 2 in Axes
   911 | D:5      | Reached skill level 2 in Maces & Flails
   911 | D:5      | Reached skill level 2 in Polearms
   911 | D:5      | Reached skill level 2 in Staves
   911 | D:5      | Reached skill level 2 in Slings
   911 | D:5      | Reached skill level 2 in Bows
   911 | D:5      | Reached skill level 2 in Crossbows
   911 | D:5      | Reached skill level 2 in Throwing
   911 | D:5      | Reached skill level 2 in Armour
   911 | D:5      | Reached skill level 2 in Stealth
   911 | D:5      | Reached skill level 2 in Shields
   911 | D:5      | Reached skill level 2 in Evocations
   924 | D:5      | Learned a level 1 spell: Apportation
   929 | D:5      | Found Imiaf's Food Shoppe.
   981 | D:5      | Reached XP level 7. HP: 24/52 MP: 5/15
  1111 | D:3      | Gained mutation: You tend to lose your temper in combat. [potion of mutation]
  1111 | D:3      | Gained mutation: You are resistant to hostile enchantments. (MR+) [potion of mutation]
  1146 | D:3      | Reached skill level 7 in Unarmed Combat
  1250 | D:3      | Reached skill level 2 in Conjurations
  1250 | D:3      | Reached skill level 2 in Hexes
  1250 | D:3      | Reached skill level 2 in Charms
  1250 | D:3      | Reached skill level 2 in Summonings
  1250 | D:3      | Reached skill level 2 in Necromancy
  1250 | D:3      | Reached skill level 2 in Translocations
  1250 | D:3      | Reached skill level 2 in Fire Magic
  1250 | D:3      | Reached skill level 2 in Ice Magic
  1250 | D:3      | Reached skill level 2 in Air Magic
  1250 | D:3      | Reached skill level 2 in Earth Magic
  1250 | D:3      | Reached skill level 2 in Poison Magic
  1252 | D:3      | Found a glowing silver altar of Zin.
  1260 | D:3      | Quit the game

Vault maps used:
D:1:      minmay_arrival_wavy_path
D:2:      uniq_robin
D:3:      zin_academy
D:4:      nicolae_overflow_hidden_temple, gammafunk_temple_overflow_statue,
          minmay_temple_entry_purple_smoke, serial_shops, shop,
          minmay_a_box_with_orc_wizards_in_it
D:5:      serial_shops, shop, nicolae_shop_window_shopping,
          nicolae_shop_behind_doors, nicolae_shop_statue_plus, shop,
          basic_altar, first_ration
Temple:   eino_temple_scatter_basement

Skill      XL: |  1  2  3  4  5  6  7 |
---------------+----------------------+-----
Spellcasting   | 5 |  5.6
Invocations    | 1 2 |  2.6
Short Blades   | 1 2 |  2.4
Long Blades    | 1 2 |  2.4
Axes           | 1 2 |  2.4
Maces & Flails | 1 2 |  2.4
Polearms       | 1 2 |  2.4
Staves         | 1 2 |  2.4
Slings         | 1 2 |  2.4
Bows           | 1 2 |  2.4
Crossbows      | 1 2 |  2.4
Throwing       | 1 2 |  2.4
Armour         | 1 2 |  2.4
Stealth        | 1 2 |  2.4
Shields        | 1 2 |  2.4
Evocations     | 1 2 |  2.4
Conjurations   | 1 2 |  2.0
Hexes          | 1 2 |  2.0
Charms         | 1 2 |  2.0
Summonings     | 1 2 |  2.0
Necromancy     | 1 2 |  2.0
Translocations | 1 2 |  2.0
Fire Magic     | 1 2 |  2.0
Ice Magic      | 1 2 |  2.0
Air Magic      | 1 2 |  2.0
Earth Magic    | 1 2 |  2.0
Poison Magic   | 1 2 |  2.0
Fighting       | 3 |  3.5
Transmutations | 4 |  4.3
Dodging        | 5 |  5.2
Unarmed Combat | 7 |  7.0

Action                   |  1- 3 |  4- 6 |  7- 9 || total
-------------------------+-------+-------+-------++-------
Melee: Unarmed           |    52 |    48 |    34 ||   134
       Kick              |     6 |       |       ||     6
       Headbutt          |     2 |       |       ||     2
       Bite              |     1 |       |     1 ||     2
       Punch             |     1 |       |       ||     1
       Dagger            |       |     1 |     7 ||     8
 Cast: Beastly Appendage |     9 |       |       ||     9
       Sticks to Snakes  |     2 |     9 |     6 ||    17
       Spider Form       |     3 |    10 |     8 ||    21
  Use: Potion            |     2 |       |     2 ||     4
       Scroll            |       |     7 |     2 ||     9
 Stab: Sleeping          |     1 |     1 |       ||     2
  Eat: Ration            |     1 |       |       ||     1
Armor: Skin              |     1 |     1 |     1 ||     3
       Robe              |       |     1 |     3 ||     4
Dodge: Dodged            |    29 |    43 |    33 ||   105

Table legend:
 A = Spawn XP
 B = Non-spawn XP
 C = Spawn XP percentage of total XP
 D = Spawn monster count
 E = Non-spawn monster count
 F = Spawn count percentage of total count
 G = Total turns spent on level
                    A         B        C        D         E        F      G
               +---------+---------+-------+---------+---------+-------+---------
         Total |       0 |     843 |   0.0 |       0 |      64 |   0.0 |  1260
               +---------+---------+-------+---------+---------+-------+---------
           D:1 |       0 |      14 |   0.0 |       0 |       8 |   0.0 |   157
           D:2 |       0 |      39 |   0.0 |       0 |      14 |   0.0 |   218
           D:3 |       0 |     218 |   0.0 |       0 |      21 |   0.0 |   293
           D:4 |       0 |     329 |   0.0 |       0 |      16 |   0.0 |   315
           D:5 |       0 |     243 |   0.0 |       0 |       5 |   0.0 |   185
               +---------+---------+-------+---------+---------+-------+---------

Table legend:
 A = Turns spent in this place as a percentage of turns spent in the entire game.
 B = Non-inter-level travel turns spent in this place as a percentage of non-inter-level travel turns spent in the entire game.
 C = Inter-level travel turns spent in this place as a percentage of turns spent in this place.
 D = Turns resting spent in this place as a percentage of non-inter-level travel turns spent in this place.
 E = Turns spent auto-exploring this place as a percentage of non-inter-level travel turns spent in this place.
 F = Non-inter-level travel turns spent in this place divided by the number of levels of this place that you've seen.
                   A       B       C       D       E      F
               +-------+-------+-------+-------+-------+----------------------
         Total | 100.0 | 100.0 |   0.6 |   0.0 |   0.0 | 208.7
       Dungeon |  92.7 |  93.3 |   0.0 |   0.0 |   0.0 | 233.6
        Temple |   7.3 |   6.7 |   8.7 |   0.0 |   0.0 |  84.0
               +-------+-------+-------+-------+-------+----------------------

Table legend:
 A = Kills in this place as a percentage of kills in entire the game.
 B = Kills by you in this place as a percentage of kills by you in the entire game.
 C = Kills by friends in this place as a percentage of kills by friends in the entire game.
 D = Other kills in this place as a percentage of other kills in the entire game.
 E = Experience gained in this place as a percentage of experience gained in the entire game.
 F = Experience gained in this place divided by the number of levels of this place that you have seen.
                   A       B       C       D       E      F
               +-------+-------+-------+-------+-------+----------------------
         Total | 100.0 | 100.0 | 100.0 |   N/A | 100.0 | 140.5
       Dungeon | 100.0 | 100.0 | 100.0 |   N/A | 100.0 | 168.6
               +-------+-------+-------+-------+-------+----------------------

Vault maps used:
D:1:      minmay_arrival_wavy_path
D:2:      uniq_robin
D:3:      zin_academy
D:4:      nicolae_overflow_hidden_temple, gammafunk_temple_overflow_statue,
          minmay_temple_entry_purple_smoke, serial_shops, shop,
          minmay_a_box_with_orc_wizards_in_it
D:5:      serial_shops, shop, nicolae_shop_window_shopping,
          nicolae_shop_behind_doors, nicolae_shop_statue_plus, shop,
          basic_altar, first_ration
Temple:   eino_temple_scatter_basement
